 Dungeon Crawl Stone Soup version 0.29.1-2-gbd0b4ee654 (webtiles) character file.

Game seed: 12377910880683935361

103829 LustLizard the Skirmisher (level 15, -14/82 HPs)
             Began as a Spriggan Hunter on Nov 3, 2022.
             Was the Champion of Dithmenos.
             Demolished by a dire elephant simulacrum (19 damage)
             ... in an ice cave.
             The game lasted 01:23:35 (37828 turns).

LustLizard the Skirmisher (Spriggan Hunter)        Turns: 37828, Time: 01:23:36

Health: -14/82     AC:  7    Str:  7    XL:     15   Next: 90%
Magic:  29/29      EV: 30    Int: 14    God:    Dithmenos [******]
Gold:   2387       SH:  5    Dex: 23    Spells: 14/32 levels left

rFire   . . .      SeeInvis +   M - +4 arbalest (venom)
rCold   + . .      Faith    .   (shield currently unavailable)
rNeg    . . .      Spirit   .   E - +1 steam dragon scales
rPois   .          Reflect  +   (helmet restricted)
rElec   .          Harm     .   j - +0 cloak {rCorr}
rCorr   +          Rampage  .   (gloves unavailable)
Will    ++...                   (boots unavailable) Stlth *+++++++++
                                G - amulet of reflection
HPRegen 0.23/turn               o - +4 ring of evasion
MPRegen 0.21/turn               S - ring of protection from cold

@: wreathed by umbra, very quick
A: very small, no large weapons, unfitting armour, see invisible, speed 3
a: Renounce Religion, Shadow Step, Shadow Form


You were in an ice cave.
You worshipped Dithmenos.
Dithmenos was exalted by your worship.
You visited 4 branches of the dungeon, and saw 23 of its levels.
You also visited: Ossuary, Bailey, Gauntlet and Ice Cave.

You collected 2387 gold pieces.

Inventory:

Hand Weapons
 M - a +4 arbalest of venom (weapon)
 W - the +6 sling of Discomfort {vorpal, rF+ Int+2}
   (You found it on level 3 of the Lair of Beasts)

   Any ammunition fired from it inflicts extra damage upon your enemies.
   Int:       It affects your intelligence (+2).
   rF:        It protects you from fire.
Missiles
 e - 4 throwing nets
 f - 26 poisoned darts
Armour
 a - the +1 buckler of Dice, Bag, and Bottle {Regen+}
   (You acquired it on level 4 of the Lair of Beasts)

   Regen:     It increases your rate of health regeneration.
 j - a +0 cloak of preservation (worn)
 E - +1 steam dragon scales (worn)
 H - a +2 robe of resistance
 Y - a +1 buckler of fire resistance
Jewellery
 c - a +6 ring of intelligence
 d - an amulet of regeneration
 o - a +4 ring of evasion (left hand)
 t - a +4 ring of evasion
 G - an amulet of reflection (around neck)
 J - a ring of wizardry
 K - a +6 ring of intelligence
 O - a +4 ring of protection
 S - a ring of protection from cold (right hand)
Wands
 g - a wand of polymorph (5)
 m - a wand of charming (15)
 F - a wand of roots (9)
 T - a wand of flame (25)
 V - a wand of digging (10)
Scrolls
 b - 6 scrolls of immolation
 h - 4 scrolls of enchant weapon
 i - 2 scrolls of enchant armour
 k - 5 scrolls of brand weapon
 p - 6 scrolls of fog
 r - 3 scrolls of noise
 s - 2 scrolls of poison
 u - 6 scrolls of magic mapping
 y - 8 scrolls of teleportation
 B - a scroll of silence
 L - 2 scrolls of blinking
 N - 7 scrolls of identify
 R - 3 scrolls of fear
Potions
 l - 8 potions of might
 n - a potion of ambrosia
 q - 5 potions of flight
 v - a potion of berserk rage
 w - 2 potions of cancellation
 z - 7 potions of curing
 A - 2 potions of haste
 C - 5 potions of mutation
 D - 3 potions of magic
 Q - 3 potions of attraction
 U - 3 potions of brilliance
 X - 3 potions of invisibility
 Z - 2 potions of resistance
Miscellaneous
 I - a tin of tremorstones (2/2)
 P - a box of beasts


   Skills:
 + Level 11.1 Fighting
 + Level 14.6 Ranged Weapons
 - Level 10.0 Dodging
 + Level 13.4 Stealth
 - Level 6.8 Shields
 - Level 9.0 Spellcasting
 - Level 2.8 Conjurations
 - Level 6.1 Hexes
 - Level 3.0 Translocations
 - Level 5.0 Transmutations
 - Level 4.1 Fire Magic
 - Level 3.3 Air Magic
 - Level 3.8 Poison Magic
 + Level 7.7 Invocations
 - Level 10.0 Evocations


You had 14 spell levels left.
You knew the following spells:

 Your Spells              Type           Power      Damage    Failure   Level
a - Inner Flame           Hex/Fire       20%        N/A       4%          3
b - Cause Fear            Hex            11%        N/A       10%         4
c - Summon Guardian Gole  Hex/Summ       14%        N/A       10%         3
d - Mephitic Cloud        Conj/Pois/Air  15%        N/A       9%          3
e - Ignite Poison         Fire/Tmut/Pois 18%        N/A       6%          3
f - Blink                 Tloc           28%        N/A       4%          2

Your spell library contained the following spells:

 Spells                   Type           Power      Damage    Failure   Level
 Foxfire                  Conj/Fire      64%        2x1d7     2%          1
 Confusing Touch          Hex            23%        N/A       2%          3
 Tukima's Dance           Hex            23%        N/A       2%          3
 Apportation              Tloc           28%        N/A       3%          1
 Ensorcelled Hibernation  Hex/Ice        28%        N/A       4%          2
 Spider Form              Tmut/Pois      18%        N/A       5%          3
 Passwall                 Tmut/Erth      10%        N/A       6%          2
 Conjure Flame            Conj/Fire      16%        6-21      9%          3
 Gell's Gravitas          Tloc           14%        N/A       10%         3
 Lesser Beckoning         Tloc           14%        N/A       10%         3
 Teleport Other           Tloc           14%        N/A       10%         3
 Necrotise                Necr           24%        1d5       12%         1
 Sandblast                Erth           12%        2d6       12%         1
 Summon Small Mammal      Summ           24%        N/A       12%         1
 Call Imp                 Summ           6%         N/A       17%         2
 Sublimation of Blood     Necr           6%         N/A       17%         2
 Stone Arrow              Conj/Erth      20%        3d8       21%         3
 Flame Wave               Conj/Fire      16%        2d7       26%         4
 Anguish                  Hex/Necr       7%         N/A       32%         4
 Passage of Golubria      Tloc           14%        N/A       32%         4
 Yara's Violent Unravell  Hex/Tmut       10%        3d6       32%         5
 Call Canine Familiar     Summ           6%         N/A       34%         3
 Vampiric Draining        Necr           6%         2d6       34%         3
 Petrify                  Tmut/Erth      13%        N/A       38%         4
 Blade Hands              Tmut           10%        N/A       38%         5
 Alistair's Intoxication  Tmut/Pois      12%        N/A       45%         5
 Irradiate                Conj/Tmut      8%         3d14      54%         5
 Manifold Assault         Tloc           14%        N/A       67%         5
 Summon Mana Viper        Hex/Summ       14%        N/A       67%         5
 Animate Armour           Summ/Erth      12%        N/A       75%         4
 Summon Ice Beast         Ice/Summ       6%         N/A       75%         4
 Freezing Cloud           Conj/Ice/Air   6%         6-21      80%         5
 Summon Forest            Summ/Tloc      5%         N/A       86%         5
 Eringya's Noxious Bog    Tmut/Pois      9%         N/A       96%         6
 Agony                    Necr           6%         N/A       97%         5
 Dispersal                Tloc           7%         N/A       99%         6
 Dragon Form              Tmut           10%        N/A       100%        7
 Enfeeble                 Hex            11%        N/A       100%        7
 Malign Gateway           Summ/Tloc      5%         N/A       100%        7
 Monstrous Menagerie      Summ           3%         N/A       100%        7
 Storm Form               Tmut/Air       9%         N/A       100%        7
 Summon Hydra             Summ           3%         N/A       100%        7
 Discord                  Hex            11%        N/A       100%        8
 Lehudib's Crystal Spear  Conj/Erth      5%         10d3      100%        8


Dungeon Overview and Level Annotations

Branches:
Dungeon (15/15)            Temple (1/1) D:4            Lair (5/5) D:8
 Shoals (0/4) Lair:2        Snake (0/4) Lair:3        Slime (0/5) Lair:4
    Orc (2/2) D:10            Elf (0/3) Orc:2        Vaults (0/5) D:14
 Depths (0/4) D:15        Ossuary (visited)          Bailey (visited)
  IceCv (1/1)             Gauntlet (visited)

Altars:
Ashenzari
Cheibriados
Dithmenos
Elyvilon
Gozag
Kikubaaqudgha
Nemelex Xobeh
Okawaru
Qazlal
Ru
Sif Muna
Trog
Uskayaw
Vehumet
Wu Jian
Xom
Yredelemnul
Zin
The Shining One
Jiyva

Shops:
D:4 (   D:11 (   D:12 (   D:13 (   Orc:2 [[!*

Annotations:
D:9 exclusion: killer bee
D:15 1 runed translucent door IceCv exclusion: obsidian statue


Innate Abilities, Weirdness & Mutations

You are very small and have problems with some larger weapons.
You are too small for most types of armour.
You have supernaturally acute eyesight. (SInv)
You cover ground extremely quickly. (Speed+++)


Message History

You shoot a bolt.
The bolt closely misses the spriggan defender simulacrum.
The bolt hits the minotaur simulacrum but does no damage.
The minotaur simulacrum is heavily damaged.
The anaconda simulacrum bites you but does no damage.
The anaconda simulacrum constricts you.
* * * LOW HITPOINT WARNING * * *
The spriggan defender simulacrum misses you.
The anaconda simulacrum bites you but does no damage.
The anaconda simulacrum constricts you.
* * * LOW HITPOINT WARNING * * *
You block the spriggan defender simulacrum's attack.
Fire: M) +4 arbalest (venom)
Press: ? - help, Q - select action, (/) - cycle Shift-Dir - straight line, f/p - spriggan defender simulacrum
Aim: a spriggan defender simulacrum (black smoke, almost destroyed, umbra, 57% to hit)
You shoot a bolt.
The bolt hits the spriggan defender simulacrum!
The spriggan defender simulacrum vaporises!
Dithmenos accepts your kill.
Your shadow shoots a bolt.
The anaconda simulacrum barely misses you.
The anaconda simulacrum constricts you.
* * * LOW HITPOINT WARNING * * *
The anaconda simulacrum completely misses you.
The anaconda simulacrum constricts you.
* * * LOW HITPOINT WARNING * * *
You emit a cloud of dark smoke.
Really attack while wielding your +4 arbalest of venom? [Y]es or [N]o only, please.
Really attack while wielding your +4 arbalest of venom? [Y]es or [N]o only, please.
Really attack while wielding your +4 arbalest of venom?
Okay, then.
Unknown command.
Blink to where?
Press: ? - help, Dir - move target You escape the anaconda simulacrum's grasp.
As you read the scroll of blinking, it crumbles to dust.
The dire elephant simulacrum tramples you!!
You die...

#.###...###......##
#.## ##..##..#
##..#...####..#
##..###Z##
##.#.#..##...##
#..##
##.#####.##...#.#..#
#.##
#.§§#######....##.##
##.# ##Z§§##
#...###..# #.####
#.#§§## ##.## ##.#
#.##.## ###§§Z# ###
.# #..#..#### #.#@#
.# #.#..⌠...##.##Z##
## ##.##.....## #Z§#
##[##.##..# #§##
#######.# #Z#
##.###..# .#.
#....#..### Z
##......## #
##..###...#


You could see an anaconda simulacrum, a dire elephant simulacrum and a minotaur
simulacrum.

Vanquished Creatures
  Rupert (Lair:3)
  A dire elephant (Gauntlet)
  5 boulder beetles
  A rakshasa (D:12)
  2 ogre magi
  2 vault guards (Bailey)
  3 catoblepae
  7 hydras
  Erica (D:8)
  3 centaur warriors
  4 death yaks (Lair:3)
  6 two-headed ogres
  6 tengu warriors
  A deep troll earth mage (D:12)
  Amaemon (Lair:2)
  3 skeletal warriors (D:15)
  A deep elf knight (D:12)
  A goliath frog (Lair:5)
  2 orc knights
  5 spriggan simulacra (IceCv)
  A bog body (IceCv)
  A wizard (D:12)
  13 ugly things
  A necromancer (D:14)
  5 deep elf pyromancers
  An orc sorcerer (Orc:1)
  13 slime creatures
  7 elephants
  3 manticores
  3 black mambas
  A black mamba (shapeshifter) (D:12)
  3 cyclopes
  2 gargoyles
  7 torpor snails (Lair:5)
  An orange demon (Lair:2)
  21 cane toads
  6 komodo dragons
  3 unseen horror zombies (D:8)
  8 rime drakes
  3 kobold demonologists
  An anaconda simulacrum (IceCv)
  2 tengu conjurers
  2 efreet (D:14)
  A yaktaur (D:12)
  2 golden dragon simulacra (IceCv)
  10 trolls
  7 ice devils (IceCv)
  4 polar bears
  Prince Ribbit (D:7)
  3 tyrant leeches (Lair:5)
  2 hornets
  12 blink frogs
  10 dream sheep
  A centaur simulacrum (D:12)
  A flying skull (Gauntlet)
  A vampire (D:12)
  4 wyverns
  52 yaks
  A dire elephant simulacrum (IceCv)
  2 wraiths (D:12)
  6 basilisks
  7 humans (Bailey)
  3 steam dragons
  4 minotaur simulacra (IceCv)
  12 vampire mosquitoes
  A naga (Lair:3)
  A warg (Orc:1)
  15 water moccasins
  5 acid dragons
  3 black bears
  An ice beast (D:6)
  An alligator simulacrum (IceCv)
  A sky beast (D:7)
  38 orc warriors
  4 ogres
  12 wolves
  20 centaurs
  2 phantoms
  An elf zombie (D:5)
  3 necrophages
  3 kobold brigands
  23 bullfrogs
  5 deep troll simulacra (IceCv)
  An elf skeleton (D:5)
  5 scorpions
  2 wyvern zombies (D:8)
  3 water moccasin zombies (Ossuary)
  A wight (D:8)
  3 lindwurm simulacra (IceCv)
  An electric eel (Lair:5)
  8 howler monkeys
  A centaur zombie (D:8)
  A hound (D:5)
  2 human zombies
  3 lava snakes (D:10)
  3 jellies
  2 gnoll boudas
  12 orc priests
  5 hell rats
  9 iguanas
  2 human skeletons (D:5)
  16 orc wizards
  A killer bee zombie (D:8)
  4 mummies
  A howler monkey zombie (D:8)
  24 gnolls
  7 adders
  2 shadow imps (D:5)
  A white imp (D:8)
  2 ufetubi
  5 adder zombies (Ossuary)
  A worm (D:2)
  3 dart slugs
  79 orcs
  6 ball pythons
  3 bats
  3 endoplasms
  6 giant cockroaches
  6 gnoll zombies (Ossuary)
  7 goblins
  3 hobgoblins
  A jackal (D:5)
  2 quokkas
  5 frilled lizards
  3 hobgoblin zombies (Ossuary)
  19 kobolds
  5 kobold zombies (Ossuary)
  11 orc zombies
  9 rats
748 creatures vanquished.

Vanquished Creatures (others)
  A kobold brigand (D:8)
  An orc (D:6)
  A kobold (D:9)
  A bush (Lair:5)
  67 fungi
  128 plants
199 creatures vanquished.

Grand Total: 947 creatures vanquished

Notes
Turn   | Place    | Note
-------+----------+-------------------------------------------
     0 | D:1      | LustLizard the Spriggan Hunter began the quest for the Orb.
     0 | D:1      | Reached XP level 1. HP: 10/10 MP: 2/2
   514 | D:1      | Reached XP level 2. HP: 15/15 MP: 3/3
  1347 | D:2      | Reached XP level 3. HP: 18/18 MP: 4/4
  1980 | D:3      | Reached XP level 4. HP: 23/23 MP: 5/5
  1998 | D:3      | Reached skill level 1 in Evocations
  2339 | D:3      | Reached skill level 5 in Ranged Weapons
  2654 | D:4      | Found a staircase to the Ecumenical Temple.
  2672 | D:4      | Reached XP level 5. HP: 14/27 MP: 6/6
  3067 | Temple   | Entered the Ecumenical Temple
  3089 | Temple   | Became a worshipper of Dithmenos the Shadowed
  3136 | D:4      | Found a glowing golden altar of the Shining One.
  3546 | D:4      | Found Ykiskouv's Antique Weapon Boutique.
  3556 | D:4      | Reached XP level 6. HP: 32/32 MP: 7/7
  3743 | D:5      | Entered Level 5 of the Dungeon
  3743 | D:5      | You fall into a shaft and drop 1 floor!
  3767 | D:6      | Noticed a steam dragon
  3879 | D:5      | Reached skill level 6 in Ranged Weapons
  3899 | D:5      | Reached skill level 5 in Stealth
  4019 | D:5      | Reached XP level 7. HP: 20/36 MP: 8/8
  4122 | D:5      | Reached * piety under Dithmenos
  4226 | D:5      | Found a sand-covered staircase.
  4233 | Ossuary  | Entered an ossuary
  4864 | Ossuary  | Reached ** piety under Dithmenos
  4882 | Ossuary  | Reached skill level 7 in Ranged Weapons
  5062 | D:5      | Reached XP level 8. HP: 21/42 MP: 9/9
  5341 | D:5      | Reached skill level 5 in Evocations
  6167 | D:6      | Reached skill level 8 in Ranged Weapons
  7086 | D:6      | Reached XP level 9. HP: 31/46 MP: 10/10
  7120 | D:6      | Reached skill level 9 in Ranged Weapons
  7239 | D:6      | Found a sacrificial altar of Ru.
  7546 | D:7      | Learned a level 3 spell: Inner Flame
  7610 | D:7      | Noticed Prince Ribbit
  7653 | D:7      | Killed Prince Ribbit
  7654 | D:7      | Reached skill level 5 in Fighting
  7654 | D:7      | Reached skill level 1 in Hexes
  7800 | D:7      | Reached *** piety under Dithmenos
  7814 | D:7      | Reached skill level 1 in Spellcasting
  7814 | D:7      | Reached skill level 1 in Fire Magic
  7815 | D:7      | Noticed a brown ugly thing
  7959 | D:6      | Killed a brown ugly thing
  8330 | D:6      | Identified the +5 scale mail "Cecsusa" {rPois rCorr Str+4
                  | Dex-3}
  8825 | D:7      | Reached XP level 10. HP: 39/51 MP: 14/14
  9504 | D:7      | Found an ornate altar of the Wu Jian Council.
  9504 | D:7      | Found a shimmering altar of Xom.
  9835 | D:8      | Reached skill level 10 in Ranged Weapons
  9835 | D:8      | Reached skill level 10 in Stealth
  9970 | D:8      | Reached **** piety under Dithmenos
 10055 | D:8      | Found a basalt altar of Yredelemnul.
 10171 | D:8      | Reached skill level 5 in Hexes
 10281 | D:8      | Found a snail-covered altar of Cheibriados.
 10281 | D:8      | Noticed Erica
 10405 | D:8      | Killed Erica
 10687 | D:8      | Learned a level 4 spell: Cause Fear
 11058 | D:8      | Found a staircase to the Lair.
 11257 | D:8      | Noticed a two-headed ogre
 11310 | D:8      | Killed a two-headed ogre
 11311 | D:8      | Reached XP level 11. HP: 56/56 MP: 17/19
 11940 | D:8      | Paralysed by a hornet for 2 turns
 11949 | D:8      | Reached skill level 11 in Ranged Weapons
 12288 | D:9      | Found a flagged portal.
 12400 | D:9      | Reached skill level 5 in Spellcasting
 12432 | Bailey   | Entered a bailey
 13108 | Bailey   | Noticed a vault guard
 13180 | Bailey   | Noticed a vault guard
 13282 | Bailey   | Killed a vault guard
 14258 | Bailey   | Killed a vault guard
 14302 | D:9      | Noticed a sixfirhy
 14559 | D:9      | Found a glowing silver altar of Zin.
 14652 | D:9      | Identified the +7 quarterstaff "Seuter" {antimagic, Int+6
                  | Dex+3}
 15022 | D:9      | Reached ***** piety under Dithmenos
 15484 | D:9      | Reached skill level 12 in Ranged Weapons
 16017 | D:10     | Entered Level 10 of the Dungeon
 16174 | D:10     | Noticed a two-headed ogre
 16804 | D:10     | Noticed an orc knight
 16841 | D:10     | Noticed a boulder beetle
 16841 | D:10     | Noticed an ogre mage
 16887 | D:10     | Killed an ogre mage
 16888 | D:10     | Reached XP level 12. HP: 56/63 MP: 21/23
 16989 | D:10     | Found a bloodstained altar of Trog.
 17237 | D:10     | Killed a two-headed ogre
 17699 | D:10     | Killed a boulder beetle
 18086 | D:10     | Found a staircase to the Orcish Mines.
 18603 | D:11     | Found Facejeu's Antique Weapon Boutique.
 19500 | D:12     | Noticed a two-headed ogre
 19832 | D:11     | Killed a two-headed ogre
 19873 | D:12     | Noticed an ogre mage
 19873 | D:12     | Noticed a centaur warrior
 20034 | Lair:1   | Entered Level 1 of the Lair of Beasts
 20570 | Lair:1   | Reached skill level 13 in Ranged Weapons
 20679 | Lair:1   | Noticed a boulder beetle
 20700 | Lair:1   | Killed a boulder beetle
 20760 | Lair:1   | Reached skill level 5 in Dodging
 21330 | Lair:2   | Noticed Amaemon
 21787 | Lair:2   | Killed Amaemon
 22121 | Lair:2   | Found a staircase to the Shoals.
 22669 | Lair:3   | Noticed a death yak
 22966 | Lair:3   | Noticed a death yak
 22970 | Lair:3   | Noticed a death yak
 22989 | Lair:3   | Noticed a death yak
 23063 | Lair:3   | Identified the +6 sling of Discomfort {vorpal, rF+ Int+2}
 23185 | Lair:3   | Reached XP level 13. HP: 68/68 MP: 26/26
 23424 | Lair:3   | Found a staircase to the Snake Pit.
 23865 | Lair:3   | Noticed Rupert
 24533 | Lair:3   | Reached skill level 1 in Shields
 24926 | Lair:4   | Identified a scroll of acquirement
 24927 | Lair:4   | Acquired the +1 buckler of Dice, Bag, and Bottle {Regen+}
 24960 | Lair:4   | Reached skill level 10 in Evocations
 25060 | Lair:4   | Found a gate leading to a gauntlet.
 25116 | Lair:4   | Learned a level 3 spell: Summon Guardian Golem
 25259 | Gauntlet | Entered a Gauntlet
 25259 | Gauntlet | Found a transporter.
 25259 | Gauntlet | Found a transporter.
 25260 | Gauntlet | Found a transporter.
 25260 | Gauntlet | Found a transporter.
 25263 | Gauntlet | Found a transporter.
 25263 | Gauntlet | Found a transporter.
 25277 | Gauntlet | Found a transporter.
 25281 | Gauntlet | Found a transporter.
 25283 | Gauntlet | Found a large runed translucent door.
 25284 | Gauntlet | Found a large runed translucent door.
 25285 | Gauntlet | Found a large runed translucent door.
 25285 | Gauntlet | Found a large runed translucent door.
 25285 | Gauntlet | Found a runed translucent door.
 25286 | Gauntlet | Found a large runed translucent door.
 25287 | Gauntlet | Found a large runed translucent door.
 25288 | Gauntlet | Found a large runed translucent door.
 25288 | Gauntlet | Found a large runed translucent door.
 25290 | Gauntlet | Found a runed translucent gate.
 25290 | Gauntlet | Noticed a dire elephant
 25292 | Gauntlet | Found a transporter.
 25300 | Gauntlet | Found a transporter.
 25300 | Gauntlet | Found a runed translucent gate.
 25301 | Gauntlet | Found a runed translucent gate.
 25302 | Gauntlet | Found a large runed translucent door.
 25302 | Gauntlet | Found a large runed translucent door.
 25303 | Gauntlet | Found a large runed translucent door.
 25304 | Gauntlet | Found a large runed translucent door.
 25315 | Gauntlet | Found a large runed translucent door.
 25315 | Gauntlet | Found a large runed translucent door.
 25315 | Gauntlet | Found a runed translucent door.
 25316 | Gauntlet | Found a large runed translucent door.
 25317 | Gauntlet | Found a large runed translucent door.
 25319 | Gauntlet | Found a transporter.
 25323 | Gauntlet | Found a transporter.
 25323 | Gauntlet | Noticed a blizzard demon
 25476 | Gauntlet | Reached skill level 14 in Ranged Weapons
 25505 | Gauntlet | Noticed a dire elephant
 25765 | Gauntlet | Killed a dire elephant
 25800 | Gauntlet | Identified the +8 great mace "String" {vamp, rElec rCorr
                  | Dex+4 Stlth-}
 25800 | Gauntlet | Noticed a minotaur
 26095 | Lair:4   | Learned a level 3 spell: Mephitic Cloud
 26099 | Lair:4   | Learned a level 3 spell: Ignite Poison
 26391 | Lair:4   | Found a viscous altar of Jiyva.
 26391 | Lair:4   | Found a staircase to the Slime Pits.
 26555 | Lair:4   | Reached ****** piety under Dithmenos
 26783 | Lair:5   | Entered Level 5 of the Lair of Beasts
 26840 | Lair:5   | Reached skill level 1 in Transmutations
 26948 | Lair:4   | Reached skill level 1 in Poison Magic
 27019 | Lair:4   | Reached skill level 1 in Air Magic
 27068 | Lair:4   | Reached skill level 1 in Conjurations
 27608 | Lair:5   | Reached XP level 14. HP: 74/74 MP: 28/28
 27617 | Lair:5   | Found a snail-covered altar of Cheibriados.
 27743 | Lair:5   | Reached skill level 10 in Dodging
 29367 | Lair:3   | Paralysed by Rupert for 4 turns
 29478 | Lair:3   | Killed Rupert
 29479 | Lair:3   | Reached skill level 5 in Transmutations
 29741 | Orc:1    | Entered Level 1 of the Orcish Mines
 29929 | Orc:1    | Learned a level 2 spell: Blink
 29973 | Orc:2    | Entered Level 2 of the Orcish Mines
 30518 | Orc:2    | Reached skill level 1 in Invocations
 30523 | Orc:2    | Reached skill level 1 in Translocations
 30798 | Orc:2    | Found a staircase to the Elven Halls.
 31094 | Orc:2    | Found Masocw Amed's Distillery.
 31094 | Orc:2    | Found Xoco's Antique Armour Shoppe.
 31096 | Orc:2    | Found Lixkog's Armour Emporium.
 31098 | Orc:2    | Found Nafakky's General Store.
 33158 | D:12     | Reached skill level 5 in Shields
 33161 | D:12     | Reached XP level 15. HP: 69/80 MP: 29/29
 33578 | D:12     | Found Baudit's Weapon Emporium.
 33840 | D:12     | Reached skill level 10 in Fighting
 34032 | D:12     | Reached skill level 5 in Invocations
 34517 | D:12     | Got the Tome of the Commander and Malediction
 35172 | D:13     | Found Kuxkaaf's Weapon Shoppe.
 35491 | D:13     | Identified the +2 long sword "Widowermaker" {flame, Str+3
                  | Stlth+}
 36077 | D:14     | Found an opulent altar of Gozag.
 36660 | D:14     | Found a gate to the Vaults.
 37029 | D:15     | Entered Level 15 of the Dungeon
 37090 | D:15     | Found a runed translucent gate.
 37251 | D:15     | Found a frozen archway.
 37261 | IceCv    | Entered an ice cave
 37821 | IceCv    | HP: 2/82 [spriggan defender simulacrum (8)]
 37827 | IceCv    | HP: 4/82 [constriction (2)]
 37828 | IceCv    | Demolished by a dire elephant simulacrum

Illustrated notes

Levels and vault maps discovered:
D:1:      elethiomel_arrival_quiet, layout_loops_corners
D:2:      layout_basic, minmay_pentomino_o4
D:3:      layout_basic
D:4:      layout_rooms, general_overflow_altar, temple_fountains, serial_shops,
          nicolae_shop_statue_plus
D:5:      layout_basic, nicolae_ossuary_entry_catacombs, minmay_between
D:6:      layout_loops_ring, nicolae_overflow_crystal_walls,
          chequers_mini_garden
D:7:      layout_loops_corners, grunt_temple_overflow_open, uniq_prince_ribbit1
D:8:      layout_loops_corners, lemuel_mausoleum_altar_yredelemnul,
          slow_altar_1, due_lair_maze_entry_diamond, uniq_erica
D:9:      layout_layer_cave, mainiacjoe_overflow_catwalk, enter_bailey_5
D:10:     kennysheep_big_flooded_room, layout_layer_cave, trog_ov_bears_minmay,
          hiddenorc1_lemuel
D:11:     layout_gridville, serial_shops, nicolae_stop_n_shop_1
D:12:     minmay_the_grid_square_5x5_4x4
          [minmay_the_grid_square_5x5_intrusive_squares,
          minmay_the_grid_square_5x5_fat_x,
          minmay_the_grid_square_5x5_misaligned, minmay_the_grid_square_5x5_tie,
          minmay_the_grid_square_5x5_inverted_slash,
          minmay_the_grid_square_5x5_prize_open,
          minmay_the_grid_square_5x5_prize_monsterx,
          minmay_the_grid_square_5x5_six, minmay_the_grid_square_5x5_checkered,
          minmay_the_grid_square_5x5_prize_itemx,
          minmay_the_grid_square_5x5_prize_waves,
          minmay_the_grid_square_5x5_hollow_slash,
          minmay_the_grid_square_5x5_n_small,
          minmay_the_grid_square_5x5_doubleslash,
          minmay_the_grid_square_5x5_dogpile, minmay_the_grid_square_5x5_slash],
          layout_basic, serial_shops, shop
D:13:     layout_loops_ring, serial_shops, nicolae_diamond_shop
D:14:     layout_gridville, david_vaults_1, grunt_gozag_breadcrumbs
D:15:     hangedman_depths_entry_try_elsewhere_first, layout_irregular_city,
          hangedman_abyss_or_decor_jellyfish_corner,
          portal_ice_cave_entry_pillars_four, gammafunk_ghost_split, uniq_azrael
Temple:   eino_narrow_crystal_temple
Lair:1:   layout_roguey
Lair:2:   layout_regular_city, shoals_dummy_entry, minivault_24, st_stairs_6,
          uniq_amaemon
Lair:3:   layout_layer_cave, guppyfry_snake_entry_island,
          infiniplex_staircase_pool_2, uniq_rupert
Lair:4:   layout_cave_pods, dpeg_slime_entry_enclosed, gauntlet_entry_generic,
          lemuel_old_faithful
Lair:5:   minmay_lair_end_frog_pond, layout_long_grid, special_room
          [special_room_mythical_zoo], kennysheep_snail_temple,
          serial_bayou_shore_b
Orc:1:    layout_caves, library_closet, nicolae_orc_lost_temple
Orc:2:    st_orc_rangers, layout_caves
IceCv:    ice_cave_caverns_03

Skill      XL: |  1  2  3  4  5  6  7  8  9 10 11 12 13 14 15 |
---------------+----------------------------------------------+-----
Stealth        | 2 3 4 5 6 8 9 11 12 13 | 13.4
Fighting       | 2 3 4 5 6 7 8 9 11 | 11.1
Evocations     | 1 2 3 4 6 7 9 10 | 10.0
Ranged Weapons | 5 6 7 8 9 10 12 13 14 | 14.6
Hexes          | 4 6 |  6.1
Spellcasting   | 2 4 6 8 9 |  9.0
Fire Magic     | 2 4 |  4.1
Dodging        | 6 9 10 | 10.0
Shields        | 2 5 6 |  6.8
Transmutations | 2 5 |  5.0
Poison Magic   | 2 3 |  3.8
Air Magic      | 1 3 |  3.3
Conjurations   | 1 2 |  2.8
Invocations    | 4 7 |  7.7
Translocations | 3 |  3.0

Action                   |  1- 3 |  4- 6 |  7- 9 | 10-12 | 13-15 || total
-------------------------+-------+-------+-------+-------+-------++-------
 Fire: Shortbow          |    97 |   171 |   603 |  1603 |       ||  2474
       Sling             |       |       |       |    19 |  1224 ||  1243
       Arbalest          |       |       |       |       |   601 ||   601
Throw: Dart              |       |       |       |    16 |    14 ||    30
 Cast: Inner Flame       |       |       |     3 |     2 |       ||     5
       Cause Fear        |       |       |       |     8 |       ||     8
       Summon Guardian G |       |       |       |       |     1 ||     1
       Mephitic Cloud    |       |       |       |       |     1 ||     1
       Ignite Poison     |       |       |       |       |     1 ||     1
Evoke: Wand              |       |       |       |       |     7 ||     7
  Use: Scroll            |       |       |    12 |    16 |    12 ||    40
       Potion            |       |       |     1 |     4 |     4 ||     9
Armor: Robe              |     3 |     3 |    13 |       |       ||    19
       Steam dragon scal |       |       |     1 |    43 |    45 ||    89
Dodge: Dodged            |    11 |    53 |   265 |   607 |   817 ||  1753
Block: Other             |       |       |       |   136 |    73 ||   209
       Reflection        |       |       |       |    20 |    56 ||    76
       Buckler           |       |       |       |     4 |   430 ||   434
